 Dungeon Crawl Stone Soup version 0.23.0 (webtiles) character file.

Game seed: 2466971883775029667

249 inmateoo the Charmwright (level 6, 0/32 HPs)
             Began as a Vine Stalker Skald on Feb 10, 2019.
             Slain by Crazy Yiuf
             ... wielding a +4 quarterstaff of chaos
              (11 damage)
             ... on level 3 of the Dungeon.
             The game lasted 00:02:49 (1957 turns).

inmateoo the Charmwright (Vine Stalker Skald)       Turns: 1957, Time: 00:02:49

Health: 0/32       AC:  4    Str: 13    XL:     6   Next: 12%
Magic:  0/11       EV: 12    Int: 15    God:
Gold:   72         SH:  0    Dex: 14    Spells: 0/11 levels left

rFire    . . .     SeeInvis .   l - +0 trident
rCold    . . .     Gourm    .   (no shield)
rNeg     . . .     Faith    .   b - +0 leather armour
rPois    .         Spirit   +   m - +0 helmet
rElec    .         Reflect  .   (no cloak)
rCorr    .         Harm     .   (no gloves)
MR       .....                  (no boots)
Stlth    +.........             (no amulet)
HPRegen  0.50/turn              (no ring)
MPRegen  0.12/turn              (no ring)

@: lethally poisoned (0 -> -1), infused, lightly drained
A: fangs 2, regeneration 1, magic shield, antimagic bite, no potion heal 3, rot
immunity
a: no special abilities


You were on level 3 of the Dungeon.
You were not hungry.

You visited 1 branch of the dungeon, and saw 3 of its levels.

You collected 72 gold pieces.

Inventory:

Hand Weapons
 l - a +0 trident (weapon)
Armour
 b - a +0 leather armour (worn)
 m - a +0 helmet (worn)
Jewellery
 a - a cursed ring of attention {unknown}
Scrolls
 c - 2 scrolls of teleportation
 f - a scroll of fog {unknown}
 j - 4 scrolls of identify {unknown}
 k - 2 scrolls of fear {unknown}
Potions
 e - 2 potions of flight {unknown}
 g - a potion of agility {unknown}
 h - a potion of invisibility {unknown}
Comestibles
 d - 2 rations


   Skills:
 + Level 2.7(2.4) Fighting
 * Level 3.4(3.1) Polearms
 + Level 1.9(1.5) Armour
 - Level 2.0(1.6) Dodging
 + Level 3.1(2.8) Spellcasting
 + Level 3.6(3.3) Charms


You couldn't memorise any spells.
You knew the following spells:

 Your Spells              Type           Power        Failure   Level  Hunger
a - Infusion              Chrm           ##..         7%          1    #......
b - Song of Slaying       Chrm           ##......     10%         2    ##.....
c - Shroud of Golubria    Chrm/Tloc      #.........   21%         2    ##.....
d - Regeneration          Chrm/Necr      #.........   36%         3    ###....
e - Spectral Weapon       Hex/Chrm       #.......     36%         3    ###....

Your spell library contained the following spells:

 Spells                   Type           Power        Failure   Level  Hunger


Dungeon Overview and Level Annotations

Branches:
Dungeon (3/15)

Altars:

Annotations:
D:3 Crazy Yiuf


Innate Abilities, Weirdness & Mutations

You have extremely sharp teeth.
Your natural rate of healing is unusually fast.
When hurt, damage is shared between your health and your magic reserves.
Your bite disrupts and absorbs the magic of your enemies.
Potions cannot restore your health.
You are immune to rotting.


Message History

Crazy Yiuf completely misses you.
Unknown command.
You're too confused to attack without stumbling around!
You're too confused to attack without stumbling around!
You're too confused to attack without stumbling around!
You completely miss Crazy Yiuf.
Crazy Yiuf is almost dead.
You feel sick.
Crazy Yiuf says, "Action!"
Crazy Yiuf hits you with a +4 quarterstaff of chaos!
You feel drained.
Unknown command.
You feel less confused.
You see here a mace.
Unknown command.
You hit Crazy Yiuf but do no damage.
Crazy Yiuf is almost dead.
You feel sick.
Crazy Yiuf zaps a wand.
You easily resist.
Crazy Yiuf hits you with a +4 quarterstaff of chaos!
You die...

###♣♣♣♣♣ ##.'..♣)♣♣♣
###
#######.....)♣.@♣#...#
#....#.....♣♣♣♣♣g'...#
##........+.♣ ♣♣#).)#
......#####♣♣ ###
......# ......#
.#....# .###### .##


You could see Crazy Yiuf.

Vanquished Creatures
  A howler monkey (D:2)
  An orc priest (D:3)
  An orc wizard (D:3)
  Robin (D:2)
  4 gnolls
  2 adders
  A worm (D:2)
  3 dart slugs
  2 leopard geckos (D:1)
  4 orcs (D:3)
  7 bats
  6 giant cockroaches
  10 goblins
  10 hobgoblins
  6 jackals (D:1)
  A frilled lizard (D:1)
  9 kobolds
  4 rats
73 creatures vanquished.

Notes
Turn   | Place    | Note
-------+----------+-------------------------------------------
     0 | D:1      | inmateoo the Vine Stalker Skald began the quest for the
                  | Orb.
     0 | D:1      | Reached XP level 1. HP: 11/11 MP: 4/4
    57 | D:1      | Reached XP level 2. HP: 14/15 MP: 6/6
   109 | D:1      | Reached skill level 1 in Armour
   252 | D:1      | Reached XP level 3. HP: 17/18 MP: 7/7
   742 | D:1      | Gained mutation: Your natural rate of healing is unusually
                  | fast. [Vine Stalker growth]
   742 | D:1      | Reached XP level 4. HP: 21/23 MP: 8/8
  1219 | D:2      | Noticed Robin
  1226 | D:2      | Reached XP level 5. HP: 21/27 MP: 7/10
  1277 | D:2      | Killed Robin
  1423 | D:2      | Found a faded altar of an unknown god.
  1819 | D:3      | Reached XP level 6. HP: 25/32 MP: 9/11
  1870 | D:3      | Learned a level 2 spell: Song of Slaying
  1873 | D:3      | Learned a level 2 spell: Shroud of Golubria
  1878 | D:3      | Learned a level 3 spell: Regeneration
  1882 | D:3      | Learned a level 3 spell: Spectral Weapon
  1898 | D:3      | Found a runed translucent door.
  1899 | D:3      | Noticed Crazy Yiuf
  1957 | D:3      | Slain by Crazy Yiuf

Skill      XL: |  1  2  3  4  5 |
---------------+----------------+-----
Polearms       | 2 3 |  3.4
Fighting       | 2 |  2.7
Armour         | 1 |  1.9
Dodging        | 2 |  2.0
Spellcasting   | 3 |  3.1
Charms         | |  3.6

Action                   |  1- 3 |  4- 6 || total
-------------------------+-------+-------++-------
Melee: Spear             |   109 |   113 ||   222
       Bite              |    31 |    39 ||    70
       Trident           |       |    53 ||    53
 Cast: Infusion          |       |     1 ||     1
  Use: Scroll            |       |     3 ||     3
 Stab: Sleeping          |     4 |     1 ||     5
       Distracted        |       |     1 ||     1
  Eat: Chunk             |       |     4 ||     4
Armor: Leather armour    |    23 |    25 ||    48
Dodge: Dodged            |    57 |    79 ||   136
